 Dungeon Crawl Stone Soup version 0.21-a0-624-g16f8e2c (webtiles) character file.

44 TheGoonsmith the Chiller (level 3, -5/24 HPs)
             Began as a Barachi Ice Elementalist on Dec 24, 2017.
             Killed by divine providence
             ... invoked by an orc priest
              (12 damage)
             ... on level 2 of the Dungeon.
             The game lasted 00:02:11 (1721 turns).

TheGoonsmith the Chiller (Barachi Ice Elementalist) Turns: 1721, Time: 00:02:13

Health: -5/24      AC:  2    Str:  9    XL:     3   Next: 60%
Magic:  6/7        EV: 12    Int: 16    God:
Gold:   29         SH:  0    Dex: 12    Spells: 7/8 levels left

rFire    . . .     SeeInvis .   i - +0 mace
rCold    . . .     Gourm    .   (no shield)
rNeg     . . .     Faith    .   a - +0 robe
rPois    .         Spirit   .   (no helmet)
rElec    .         Reflect  .   (no cloak)
rCorr    .         Harm     .   (no gloves)
MR       .....                  (no boots)
Stlth    ++........             (no amulet)
HPRegen  0.08/turn              (no ring)
MPRegen  0.10/turn              (no ring)

@: slow
A: +LOS, swims, slowness 1, strong legs 1
a: Hop


You were on level 2 of the Dungeon.
You were not hungry.

You visited 1 branch of the dungeon, and saw 2 of its levels.

You collected 29 gold pieces.

Inventory:

Hand Weapons
 g - a +0 whip
 i - a +0 mace (weapon)
Armour
 a - a +0 robe (worn)
Jewellery
 l - a cursed amulet of inaccuracy {unknown}
 m - an uncursed amulet of regeneration {unknown}
Scrolls
 h - a scroll of teleportation {unknown}
 j - a scroll of amnesia {unknown}
 k - a scroll of remove curse {unknown}
 n - a scroll of identify {unknown}
Potions
 d - 2 potions of cancellation {unknown}
 e - 4 potions of curing {unknown}
 f - a potion of heal wounds {unknown}
Books
 b - a book of Frost

   Spells                             Type                      Level
   a - Freeze                         Ice                          1
   b - Throw Frost                    Conjuration/Ice              2
   c - Ozocubu's Armour               Charms/Ice                   3
   d - Throw Icicle                   Conjuration/Ice              4
   e - Summon Ice Beast               Ice/Summoning                4


   Skills:
 - Level 2.1 Dodging
 - Level 1.7 Stealth
 - Level 3.0 Spellcasting
   Level 1.1 Conjurations
 + Level 4.8 Ice Magic


You had 7 spell levels left.
You knew the following spells:

 Your Spells              Type           Power        Failure   Level  Hunger
a - Freeze                Ice            ###.         2%          1    #......


Dungeon Overview and Level Annotations

Branches:
Dungeon (2/15)

Altars:


Innate Abilities, Weirdness & Mutations

Shadows flee at your approach. (+LOS)
You can swim through water.
You cover ground slowly.
You can hop short distances.


Message History

You start resting.
HP restored.
You eat the ration.
That ration really hit the spot!
You climb downwards.
The orc hits you.
The orc priest invokes the aid of Beogh against you.
Beogh smites you!
There is a stone staircase leading up here.
Casting: Freeze
Confirm with . or Enter, or press ? or * to list all spells.
Aiming: Freeze
Press: ? - help, Shift-Dir - straight line, f - orc
Aim: an orc, wearing a leather armour You freeze the orc.
The orc is lightly wounded.
The jackal misses you. The orc hits you.
* * * LOW HITPOINT WARNING * * *
The orc priest mumbles some strange prayers to Beogh against you.
Beogh smites you!
Ouch! That really hurt!
You die...

........# #..P..##...# §§
........# #....8##o#.# §§§
........# #.P..P.#.#.§§ §§
........#####.##....r##.§.§
.#####........##...#o##...§§§
## #..................>.#.#
#.......#####.##.##..# .
####........h........#
####....@o........#
####+#.......#...
..........#. ..##.......# ..
##....## ... ....# .... ....#
... ####


You could see an orc priest, an orc, a jackal and a rat.

Vanquished Creatures
  An adder (D:2)
  An ooze (D:1)
  2 dart slugs
  A leopard gecko (D:2)
  An orc (D:2)
  2 bats (D:1)
  A bat skeleton (D:2)
  3 goblins (D:1)
  3 hobgoblins (D:1)
  A jackal (D:1)
  3 frilled lizards
  3 kobolds
  2 rats
24 creatures vanquished.

Notes
Turn   | Place    | Note
-------+----------+-------------------------------------------
     0 | D:1      | TheGoonsmith the Barachi Ice Elementalist began the quest for the Orb.
     0 | D:1      | Reached XP level 1. HP: 13/13 MP: 3/3
   189 | D:1      | Reached skill level 4 in Ice Magic
   189 | D:1      | Reached XP level 2. HP: 18/19 MP: 1/5
  1296 | D:2      | Reached XP level 3. HP: 17/24 MP: 5/7
  1721 | D:2      | Killed from afar by an orc priest

Vault maps used:
D:1:      dpeg_arrival_renting
D:2:      led_sif_pool, serial_undead, serial_undead_a, serial_undead_e,
          serial_undead_c, serial_undead_c

Skill      XL: |  1  2  3 |
---------------+----------+-----
Ice Magic      | 4 |  4.8
Spellcasting   | 3 |  3.0
Dodging        | |  2.1
Stealth        | |  1.7
Conjurations   | |  1.1

Action                   || total
-------------------------++-------
Melee: Mace              ||     7
 Cast: Freeze            ||    33
 Abil: Hop               ||     1
  Eat: Chunk             ||     1
       Ration            ||     1
Dodge: Dodged            ||    21

Table legend:
 A = Spawn XP
 B = Non-spawn XP
 C = Spawn XP percentage of total XP
 D = Spawn monster count
 E = Non-spawn monster count
 F = Spawn count percentage of total count
 G = Total turns spent on level
                    A         B        C        D         E        F      G
               +---------+---------+-------+---------+---------+-------+---------
         Total |       0 |      63 |   0.0 |       0 |      24 |   0.0 |  1721
               +---------+---------+-------+---------+---------+-------+---------
           D:1 |       0 |      33 |   0.0 |       0 |      15 |   0.0 |  1561
           D:2 |       0 |      30 |   0.0 |       0 |       9 |   0.0 |   160
               +---------+---------+-------+---------+---------+-------+---------
